 Dungeon Crawl Stone Soup version 0.21.1-1-g345015f (webtiles) character file.

12107 lysyklops the Basher (level 11, -10/87 HPs)
             Began as a Demonspawn Berserker on July 13, 2018.
             Was a High Priest of Trog.
             Mangled by a wolf spider (14 damage)
             ... on level 2 of the Lair of Beasts.
             The game lasted 00:34:52 (10076 turns).

lysyklops the Basher (Demonspawn Berserker)        Turns: 10076, Time: 00:34:53

Health: -10/87     AC: 13    Str: 21    XL:     11   Next: 58%
Magic:  11/11      EV: 14    Int: 12    God:    Trog [*****.]
Gold:   551        SH:  4    Dex: 12    Spells: 10/10 levels left

rFire    x . .     SeeInvis .   s - +4 eveningstar (protect)
rCold    + + .     Gourm    .   (no shield)
rNeg     . . .     Faith    .   h - +1 ring mail {rC+}
rPois    .         Spirit   .   O - +0 hat {Int+3}
rElec    .         Reflect  +   k - +0 cloak
rCorr    +         Harm     .   (no gloves)
MR       .....                  e - +0 pair of boots
Stlth    +.........             I - +4 amulet of reflection
HPRegen  0.24/turn              N - ring of ice
MPRegen  0.12/turn              v - ring of resist corrosion

@: lethally poisoned (-10 -> -27), berserk cooldown, slowed, very slow
A: claws 2, slimy green scales 2, demonic guardian 1, spiny 1
a: Berserk, Trog's Hand, Brothers in Arms, Burn Spellbooks, Renounce Religion


You were on level 2 of the Lair of Beasts.
You worshipped Trog.
Trog was extremely pleased with you.
You were very hungry.

You visited 2 branches of the dungeon, and saw 11 of its levels.

You collected 551 gold pieces.

Inventory:

Hand Weapons
 a - a +0 mace
 s - a +4 eveningstar of protection (weapon)
 A - a +2 mace of holy wrath
 E - a +0 morningstar
 J - a +2 whip of electrocution
 R - a +6 morningstar
Armour
 b - a +0 animal skin
 e - a +0 pair of boots (worn)
 h - a +1 ring mail of cold resistance (worn)
 k - a +0 cloak (worn)
 D - a +2 ring mail
 O - a +0 hat of intelligence (worn)
 U - a +1 chain mail of poison resistance
Jewellery
 j - an uncursed amulet of regeneration
 m - a +3 ring of evasion
 p - an uncursed ring of positive energy {unknown}
 v - a ring of resist corrosion (right claw)
 I - a +4 amulet of reflection (around neck)
 N - a ring of ice (left claw)
 T - the ring "Yczumoil" {Int+5 Dex+4 Stlth-, unknown}
   (You found it on level 1 of the Lair of Beasts)

   [ring of loudness]

   It affects your intelligence (+5).
   It affects your dexterity (+4).
   It makes you less stealthy.
Wands
 y - a wand of scattershot (13)
 G - a wand of paralysis (10)
 H - a wand of flame (69)
 K - a wand of random effects (26)
 M - a wand of iceblast (9)
 S - a wand of clouds (6)
Scrolls
 g - a scroll of enchant weapon
 q - a scroll of enchant armour
 r - 2 scrolls of fear {unknown}
 t - 2 scrolls of remove curse
 u - 3 scrolls of blinking {unknown}
 z - 2 scrolls of immolation {unknown}
 B - 3 scrolls of magic mapping {unknown}
 C - 4 scrolls of teleportation {unknown}
 L - a scroll of random uselessness {unknown}
 P - a scroll of amnesia {unknown}
Potions
 d - 7 potions of curing
 f - 3 potions of lignification
 i - 2 potions of brilliance
 l - 2 potions of ambrosia
 n - 4 potions of might
 o - 2 potions of agility
 w - 2 potions of degeneration
 x - 2 potions of flight
 F - a potion of magic {unknown}
 Q - 2 potions of mutation {unknown}
Comestibles
 c - 26 rations


   Skills:
 + Level 8.6 Fighting
 + Level 11.9 Maces & Flails
 + Level 7.4 Armour
 + Level 7.3 Dodging


You had 10 spell levels left.
You didn't know any spells.

Dungeon Overview and Level Annotations

Branches:
Dungeon (9/15)             Temple (0/1) D:5            Lair (2/6) D:8
  Swamp (0/4) Lair:2       Spider (0/4) Lair:2
    Orc: D:9-12

Altars:
Ashenzari
Gozag
Kikubaaqudgha
Qazlal
Ru
Trog
Zin

Annotations:
Lair:1 exclusion: 2 oklob plants


Innate Abilities, Weirdness & Mutations

You have very sharp fingernails.
You are mostly covered in slimy green scales. (AC +3)
A weak demonic guardian rushes to your aid.
You are partially covered in sharp spines.


Message History

The redback bites your shadow imp.
Your shadow imp gestures at the wolf spider.
The wolf spider writhes in agony!
The wolf spider hits you but does no damage.
The wolf spider bites you!
* * * LOW HITPOINT WARNING * * *
You are lethally poisoned!
The wolf spider poisons you!
Your shadow imp barely misses the redback.
* * * LOW HITPOINT WARNING * * *
You feel very sick.
The wolf spider barely misses you. x2; The jumping spider leaps!
The wolf spider hits you but does no damage.
The wolf spider bites you!
* * * LOW HITPOINT WARNING * * *
You completely miss the wolf spider.
The wolf spider is moderately wounded.
* * * LOW HITPOINT WARNING * * *
You feel sick. You block the redback's attack. The wolf spider hits you!
You die...

........####....#...... ..<.
.........#.#...##.^...# .......
..............##^.^..# ........
.............##^....###...#..#
........#.#.......###.#......#
####P...##......###...##.#...##
###≈......†.##.....##......# #
♣♣♣≈≈†...§5#.......<.....P#
..♣≈≈≈≈§≈≈##.s@##..#.(.....##
♣♣≈≈≈§≈≈≈≈.##s#.###...(#####
♣§≈§≈§§§§≈♣.P.P.....###÷(#
#.♣≈≈≈§§§♣≈.........## ####
.#.♣♣≈§§♣♣♣...P.....# ##
♣♣§♣.P....#..##.#
#♣≈......##.##.#
####.P######### ####


You could see a wolf spider, a redback and a friendly shadow imp.

Vanquished Creatures
  Gastronok (D:8)
  Harold (Lair:1)
  A two-headed ogre (D:8)
  Urug (Lair:2)
  A wolf spider (Lair:2)
  A black mamba (Lair:1)
  3 komodo dragons
  2 spiny frogs (Lair:1)
  2 ice devils (Lair:1)
  3 blink frogs (Lair:1)
  Grinder (D:6)
  Prince Ribbit (D:8)
  A slime creature (D:8)
  3 yaks (Lair:1)
  2 basilisks (Lair:1)
  A hungry ghost (D:7)
  3 water moccasins (Lair:1)
  2 orc warriors
  An ice beast (D:6)
  2 black bears
  2 necrophages
  3 phantoms
  2 sky beasts
  2 ogres
  2 wolves (Lair:2)
  2 centaurs
  2 crocodiles (Lair:2)
  3 big kobolds (D:8)
  5 bullfrogs
  A scorpion (D:7)
  A vampire bat (D:3)
  5 wights (D:8)
  2 crimson imps
  5 jellies
  3 hounds
  A gnoll shaman (D:6)
  An orc priest (D:7)
  2 orc wizards (D:6)
  Terence (D:2)
  Ijyb (D:5)
  3 worker ants
  2 hound zombies
  5 gnolls (D:6)
  7 adders
  2 oozes
  An adder zombie (D:5)
  3 adder skeletons
  3 worms
  6 dart slugs
  3 fire bats (D:3)
  12 leopard geckos
  20 orcs
  A spectral bat (D:3)
  A bat zombie (D:3)
  4 giant cockroaches
  7 goblins
  6 hobgoblins
  4 jackals
  6 kobolds
  4 quokkas
  5 bats
  A bat simulacrum (D:3)
  4 frilled lizards
  10 rats
199 creatures vanquished.

Vanquished Creatures (collateral kills)
  A hippogriff (D:8)
  2 slime creatures (D:8)
  3 yaks (D:8)
  A water moccasin (D:8)
  A wolf (Lair:2)
  Blork the orc (D:6)
  A bullfrog (D:8)
  A scorpion (D:4)
  A howler monkey (D:5)
  A bullfrog skeleton (D:5)
  An orc priest (D:6)
  3 jellies (D:8)
  4 gnolls (D:6)
  An adder (D:7)
  6 orcs
  A spectral bat (D:3)
  3 bat skeletons (D:3)
  A goblin (D:2)
  A quokka (D:6)
  6 bats (D:3)
  A kobold (D:8)
41 creatures vanquished.

Vanquished Creatures (others)
  A human (D:5)
  3 fungi (D:8)
  3 plants (D:8)
  9 toadstools (D:8)
16 creatures vanquished.

Grand Total: 256 creatures vanquished

Notes
Turn   | Place    | Note
-------+----------+-------------------------------------------
     0 | D:1      | lysyklops the Demonspawn Berserker began the quest for the Orb.
     0 | D:1      | Reached XP level 1. HP: 18/18 MP: 1/1
   179 | D:1      | Gained mutation: A weak demonic guardian rushes to your aid. [demonic ancestry]
   179 | D:1      | Reached XP level 2. HP: 12/24 MP: 2/2
   669 | D:1      | Reached skill level 3 in Maces & Flails
  1134 | D:2      | Reached ** piety under Trog
  1134 | D:2      | Gained mutation: You have sharp fingernails. [demonic ancestry]
  1134 | D:2      | Reached XP level 3. HP: 26/29 MP: 3/3
  1560 | D:2      | Noticed Terence
  1570 | D:2      | Killed Terence
  1689 | D:2      | Gained mutation: You have very sharp fingernails. [demonic ancestry]
  1689 | D:2      | Reached XP level 4. HP: 34/35 MP: 4/4
  2240 | D:3      | Found a sacrificial altar of Ru.
  2338 | D:3      | Reached skill level 4 in Maces & Flails
  2605 | D:3      | Gained mutation: You are partially covered in slimy green scales. (AC +2) [demonic ancestry]
  2605 | D:3      | Reached XP level 5. HP: 40/42 MP: 5/5
  2663 | D:3      | Reached *** piety under Trog
  2861 | D:4      | Reached XP level 6. HP: 36/48 MP: 6/6
  2966 | D:4      | Found a stormy altar of Qazlal.
  3416 | D:4      | Reached skill level 5 in Maces & Flails
  3451 | D:5      | Entered Level 5 of the Dungeon
  3462 | D:5      | Noticed a sky beast
  3469 | D:5      | Killed a sky beast
  3514 | D:5      | Noticed Ijyb
  3535 | D:5      | Killed Ijyb
  3836 | D:5      | Reached XP level 7. HP: 36/55 MP: 7/7
  4090 | D:5      | Found a staircase to the Ecumenical Temple.
  4199 | D:5      | Found an ancient bone altar of Kikubaaqudgha.
  4199 | D:5      | Noticed a human
  4202 | D:5      | Killed a human
  4262 | D:5      | Reached **** piety under Trog
  4460 | D:6      | Reached skill level 6 in Maces & Flails
  4954 | D:6      | Noticed Grinder
  4967 | D:6      | Paralysed by Grinder for 3 turns
  4973 | D:6      | Killed Grinder
  4973 | D:6      | Gained mutation: You are partially covered in sharp spines. [demonic ancestry]
  4973 | D:6      | Reached XP level 8. HP: 61/61 MP: 8/8
  5024 | D:6      | Noticed Blork the orc
  5034 | D:6      | Killed Blork the orc
  5034 | D:6      | Reached skill level 5 in Fighting
  5322 | D:6      | Reached skill level 7 in Maces & Flails
  5347 | D:6      | Found a shattered altar of Ashenzari.
  5904 | D:7      | Reached skill level 5 in Dodging
  5904 | D:7      | Reached XP level 9. HP: 42/68 MP: 9/9
  5938 | D:7      | Reached skill level 8 in Maces & Flails
  6148 | D:7      | You fall through a shaft for 2 floors!
  6180 | D:9      | Found a glowing silver altar of Zin.
  6200 | D:9      | Found an opulent altar of Gozag.
  6209 | D:8      | Noticed Gastronok
  6226 | D:8      | Killed Gastronok
  6226 | D:8      | Reached ***** piety under Trog
  6226 | D:8      | Reached skill level 9 in Maces & Flails
  6226 | D:8      | Reached skill level 5 in Armour
  6226 | D:8      | Reached XP level 10. HP: 52/77 MP: 10/10
  6317 | D:8      | Noticed a two-headed ogre
  6338 | D:8      | Killed a two-headed ogre
  6338 | D:8      | Reached skill level 10 in Maces & Flails
  6922 | D:8      | Noticed Prince Ribbit
  6950 | D:8      | Killed Prince Ribbit
  7509 | D:8      | Noticed a moth of wrath
  7512 | D:8      | Found a bloodstained altar of Trog.
  7947 | D:8      | Found a staircase to the Lair.
  8152 | Lair:1   | Entered Level 1 of the Lair of Beasts
  8262 | Lair:1   | Noticed a black mamba
  8273 | D:8      | Received a gift from Trog
  8544 | Lair:1   | Killed a black mamba
  8544 | Lair:1   | Reached skill level 11 in Maces & Flails
  8778 | Lair:1   | Noticed an oklob plant
  8778 | Lair:1   | Noticed an oklob plant
  8839 | Lair:1   | Gained mutation: You are mostly covered in slimy green scales. (AC +3) [demonic ancestry]
  8839 | Lair:1   | Reached XP level 11. HP: 86/86 MP: 11/11
  8849 | Lair:1   | Noticed Harold
  8864 | Lair:1   | Killed Harold
  8887 | Lair:1   | HP: 3/86 [komodo dragon (19)]
  9315 | Lair:1   | Got a shimmering tin ring
  9678 | Lair:2   | Noticed Urug
  9700 | Lair:2   | HP: 2/87 [Urug/eveningstar of protection (27)]
  9709 | Lair:2   | Killed Urug
  9754 | Lair:2   | Found a staircase to the Swamp.
  9770 | Lair:2   | Found a hole to the Spider Nest.
 10048 | Lair:2   | Noticed a wolf spider
 10048 | Lair:2   | Noticed a wolf spider
 10064 | Lair:2   | Killed a wolf spider
 10076 | Lair:2   | HP: 4/87 [poisoned by a wolf spider]
 10076 | Lair:2   | Mangled by a wolf spider

Skill      XL: |  1  2  3  4  5  6  7  8  9 10 11 |
---------------+----------------------------------+-----
Maces & Flails | 3 4 5 6 7 9 11 | 11.9
Dodging        | 2 3 4 5 6 7 |  7.3
Fighting       | 4 5 6 7 8 |  8.6
Armour         | 3 4 5 6 7 |  7.4

Action                   |  1- 3 |  4- 6 |  7- 9 | 10-12 || total
-------------------------+-------+-------+-------+-------++-------
Melee: Mace              |   101 |   232 |    26 |       ||   359
       Morningstar       |       |       |   216 |   209 ||   425
       Eveningstar       |       |       |       |    11 ||    11
Invok: Berserk           |     1 |     1 |     6 |     4 ||    12
       Burn Spellbooks   |       |     1 |     1 |       ||     2
       Brothers in Arms  |       |       |       |     1 ||     1
  Use: Scroll            |       |       |       |    14 ||    14
       Potion            |       |       |       |     2 ||     2
 Stab: Sleeping          |     2 |       |       |       ||     2
       Distracted        |       |     1 |       |     3 ||     4
  Eat: Chunk             |     2 |     9 |    10 |     6 ||    27
       Ration            |       |       |     1 |     3 ||     4
Armor: Animal skin       |    33 |    87 |       |       ||   120
       Ring mail         |       |    22 |   110 |    77 ||   209
Dodge: Dodged            |    83 |   230 |   185 |   140 ||   638
Block: Other             |       |       |       |    12 ||    12
       Reflection        |       |       |       |     1 ||     1
